 Dungeon Crawl Stone Soup version 0.30-a0-166-g5d06c95188 (webtiles) character file.

Game seed: 10841754633126578128

403 qw the Chopper (level 6, -2/40 HPs)
             Began as a Gargoyle Fighter on Sept 28, 2022.
             Slain by Menkaure (8 damage)
             ... on level 4 of the Dungeon.
             The game lasted 00:01:18 (3532 turns).

qw the Chopper (Gargoyle Fighter)                   Turns: 3532, Time: 00:01:19

Health: -2/40      AC: 14    Str: 28    XL:     6   Next: 86%
Magic:  6/6        EV:  8    Int:  8    God:
Gold:   49         SH:  4    Dex:  9    Spells: 5/5 levels left

rFire   . . .      SeeInvis +    Y - +0 war axe
rCold   . . .      Faith    .    c - +0 buckler
rNeg    + . .      Spirit   .    e - +0 chain mail
rPois   inf        Reflect  .    o - +0 helmet
rElec   +          Harm     .    (no cloak)
rCorr   .          Rampage  .    (no gloves)
Will    .....                    (no boots)
Stlth   ..........               s - amulet of regeneration
HPRegen 0.93/turn                m - ring of see invisible
MPRegen 0.10/turn                b - +6 ring of strength

@: about to teleport
A: sickness immunity, AC +4, negative energy resistance 1, electricity
resistance, torment resistance 1, petrification resistance
a: no special abilities


You were on level 4 of the Dungeon.
You visited 1 branch of the dungeon, and saw 4 of its levels.

You collected 133 gold pieces.
You spent 84 gold pieces at shops.


Innate Abilities, Weirdness & Mutations

You are immune to sickness and miasma.
Your stone body is resilient. (AC +4)
You are immune to poison.
You resist negative energy. (rN+)
You are resistant to electric shocks. (rElec)
You are resistant to unholy torment.
You are immune to petrification.


   Skills:
 - Level 5.3 Fighting
 + Level 5.4 Axes
 - Level 3.2 Armour
 - Level 3.2 Shields


You had 5 spell levels left.
You didn't know any spells.
Your spell library was empty.

Inventory:

Hand Weapons
 k - a +0 whip
 Y - a +0 war axe (weapon)
Missiles
 j - 6 boomerangs (quivered)
Armour
 c - a +0 buckler (worn)
 e - a +0 chain mail (worn)
 o - a +0 helmet (worn)
 q - a +0 cloak
Jewellery
 b - a +6 ring of strength (right hand)
 m - a ring of see invisible (left hand)
 s - an amulet of regeneration (around neck)
Scrolls
 a - a scroll of identify
Potions
 d - 2 potions of might
 f - a potion of magic {unknown}
 g - a potion of haste {unknown}
 h - 4 potions of curing
 i - a potion of lignification {unknown}
 l - 2 potions of heal wounds
 p - a potion of degeneration {unknown}

Dungeon Overview and Level Annotations

Branches:
Dungeon (4/15)
 Temple: D:4-7

Altars:
Cheibriados
Elyvilon

Shops:
D:3 (?[*(

Annotations:
D:4 Duvessa, Menkaure


Message History

Dowan completely misses you. The orc hits you but does no damage.
Duvessa hits you but does no damage.
Menkaure, Prince of Dust comes into view.
You closely miss Duvessa.
Duvessa is almost dead.
Menkaure shouts!
You slash Dowan!
You kill Dowan!
Duvessa screams in rage.
Duvessa goes berserk!
Duvessa hits you with a +0 short sword! The orc hits you but does no damage.
Duvessa hits you with a +0 short sword.
Menkaure gestures wildly while chanting.
Menkaure seems to speed up.
You hit Duvessa but do no damage.
Duvessa is almost dead.
You block Duvessa's attack. The orc completely misses you.
Duvessa hits you but does no damage.
You barely miss Duvessa.
Duvessa is almost dead.
The orc hits you but does no damage. Duvessa hits you but does no damage.
The orc barely misses you. Duvessa hits you but does no damage.
You barely miss Duvessa.
Duvessa is almost dead.
Duvessa hits you with a +0 short sword. The orc closely misses you.
Duvessa hits you with a +0 short sword!
You hit Duvessa.
Duvessa is almost dead.
Duvessa hits you but does no damage.
An orc priest comes into view. It is wielding a +0 club.
You block the orc's attack.
An orc priest comes into view. It is wielding a +0 whip.
Menkaure whispers in an indecipherable tongue.
Duvessa hits you with a +0 short sword!
3532 ||| READING scroll of teleportation.
As you read the scroll of teleportation, it crumbles to dust.
You feel strangely unstable.
The orc priest shouts! x2
The orc closely misses you. Menkaure hits you!
You die... ### ### ... ....
P#P

/..# ~~~ ###..# .....
......# ########.#~ ~
......M### #..........#P
.o...oe@.###............
.o....##..##..........##
....# ##..#..........
... ##.'.......... # .
###.......... #
########'#########
#....# #..###.....
#....####....)####
#.(.....#.....#


You could see Duvessa (berserk), Menkaure (fast), 2 orc priests and an orc.

Vanquished Creatures
  Sigmund (D:4)
  Dowan (D:4)
  Terence (D:3)
  9 adders
  2 worms
  4 dart slugs
  7 orcs
  7 endoplasms
  5 giant cockroaches
  7 goblins
  6 hobgoblins
  4 jackals (D:2)
  4 kobolds
  2 quokkas
  4 ball pythons
  8 bats
  A frilled lizard (D:1)
  3 rats (D:2)
76 creatures vanquished.

Vanquished Creatures (others)
  A plant (D:4)
1 creature vanquished.

Grand Total: 77 creatures vanquished

Notes
Turn   | Place    | Note
-------+----------+-------------------------------------------
     0 | D:1      | qw the Gargoyle Fighter began the quest for the Orb.
     0 | D:1      | Reached XP level 1. HP: 14/14 MP: 1/1
     0 | D:1      | 0 ||| qw: Version: 0.2-a-12-gaebbb33
     0 | D:1      | 0 ||| qw: Game counter: 957
     0 | D:1      | 0 ||| qw: Always use a shield: true
     0 | D:1      | 0 ||| qw: God list: Okawaru
     0 | D:1      | 0 ||| qw: Allow faded altars: false
     0 | D:1      | 0 ||| qw: Do Orc after D:15 true
     0 | D:1      | 0 ||| qw: Do second Lair branch before Depths: true
     0 | D:1      | 0 ||| qw: Lair rune preference: random
     0 | D:1      | 0 ||| qw: Plans: Normal, Zot:1-4, God:TSO, Crypt, Tomb,
                  | Pan, Slime:5, Hells, Abyss, Orb
     0 | D:1      | 0 ||| PLANNING D:1-11
   261 | D:1      | Reached XP level 2. HP: 19/19 MP: 2/2
   264 | D:1      | 264 ||| Stepping ~*~*~tactically~*~*~ (stealth).
   265 | D:1      | 265 ||| Stepping ~*~*~tactically~*~*~ (stealth).
   276 | D:1      | 276 ||| DROPPING +0 club.
   281 | D:1      | 281 ||| Stepping ~*~*~tactically~*~*~ (stealth).
   282 | D:1      | 282 ||| Stepping ~*~*~tactically~*~*~ (stealth).
   351 | D:1      | 351 ||| Stepping ~*~*~tactically~*~*~ (stealth).
   354 | D:1      | 354 ||| Stepping ~*~*~tactically~*~*~ (stealth).
   355 | D:1      | 355 ||| Stepping ~*~*~tactically~*~*~ (stealth).
   398 | D:1      | 398 ||| Stepping ~*~*~tactically~*~*~ (stealth).
   494 | D:1      | Reached skill level 3 in Axes
   537 | D:1      | 537 ||| Stepping ~*~*~tactically~*~*~ (hiding).
   543 | D:1      | Reached XP level 3. HP: 23/23 MP: 3/3
   699 | D:1      | 699 ||| Stepping ~*~*~tactically~*~*~ (stealth).
  1045 | D:1      | 1045 ||| UPGRADING to +0 chain mail.
  1055 | D:1      | 1055 ||| DROPPING +0 scale mail.
  1056 | D:1      | 1056 ||| UPGRADING to ring of see invisible.
  1057 | D:1      | 1057 ||| READING scroll labelled ORAILL OFEOQIL.
  1058 | D:1      | 1058 ||| READING scroll labelled MAAVED MIBAMAS.
  1114 | D:1      | 1114 ||| READING scroll labelled AHIDAO TIPPEOD.
  1115 | D:1      | 1115 ||| READING scroll labelled SAXAOGH WABB.
  1116 | D:1      | 1116 ||| READING scroll labelled JOFONG BAITI.
  1117 | D:1      | 1117 ||| READING scroll labelled CIATELUIGA.
  1362 | D:2      | Reached XP level 4. HP: 28/28 MP: 4/4
  1456 | D:2      | 1456 ||| Stepping ~*~*~tactically~*~*~ (hiding).
  1457 | D:2      | 1457 ||| Stepping ~*~*~tactically~*~*~ (hiding).
  1662 | D:2      | 1662 ||| Stepping ~*~*~tactically~*~*~ (stealth).
  1874 | D:2      | 1874 ||| Stepping ~*~*~tactically~*~*~ (stealth).
  2168 | D:2      | 2168 ||| DRINKING 3 fizzy silvery potions.
  2169 | D:2      | 2169 ||| DRINKING 2 sapphire potions.
  2170 | D:2      | 2170 ||| DRINKING 2 emerald potions.
  2171 | D:2      | 2171 ||| READING 2 scrolls of identify.
  2171 | D:2      | 2171 ||| IDENTIFYING glowing grey potion
  2172 | D:2      | 2172 ||| DROPPING potion of ambrosia.
  2173 | D:2      | 2173 ||| DROPPING potion of flight.
  2174 | D:2      | 2174 ||| DROPPING potion of brilliance.
  2259 | D:3      | 2259 ||| Stepping ~*~*~tactically~*~*~ (stealth).
  2262 | D:3      | Reached XP level 5. HP: 32/32 MP: 5/5
  2286 | D:3      | Noticed Terence
  2287 | D:3      | 2287 ||| Stepping ~*~*~tactically~*~*~ (hiding).
  2290 | D:3      | 2290 ||| Stepping ~*~*~tactically~*~*~ (hiding).
  2291 | D:3      | 2291 ||| Stepping ~*~*~tactically~*~*~ (hiding).
  2292 | D:3      | 2292 ||| Stepping ~*~*~tactically~*~*~ (hiding).
  2293 | D:3      | 2293 ||| Stepping ~*~*~tactically~*~*~ (hiding).
  2296 | D:3      | 2296 ||| Stepping ~*~*~tactically~*~*~ (hiding).
  2299 | D:3      | 2299 ||| Stepping ~*~*~tactically~*~*~ (hiding).
  2315 | D:3      | Killed Terence
  2479 | D:3      | Found Xapuafo's Antique Weapon Shop.
  2487 | D:3      | 2487 ||| SHOPLISTING flail (94 gold, have 71).
  2585 | D:3      | Found Zoijex's General Store.
  2602 | D:3      | 2602 ||| SHOPLISTING +2 helmet of intelligence (301 gold,
                  | have 85).
  2602 | D:3      | 2602 ||| BUYING potion of curing (42 gold).
  2602 | D:3      | Bought a potion of curing for 42 gold pieces
  2602 | D:3      | 2602 ||| SHOPLISTING ring of resist corrosion (280 gold,
                  | have 43).
  2602 | D:3      | 2602 ||| BUYING scroll of teleportation (42 gold).
  2602 | D:3      | Bought a scroll of teleportation for 42 gold pieces
  2604 | D:3      | Found Pimipeab's Antique Armour Emporium.
  2611 | D:3      | 2611 ||| SHOPLISTING +18 shield of the Gong {rElec rN+
                  | Will+ EV-5} (2335 gold, have 1).
  2611 | D:3      | 2611 ||| SHOPLISTING runed plate armour (624 gold, have 1).
  2619 | D:3      | Found a faded altar of an unknown god.
  2660 | D:3      | Found Zunij's Magic Scroll Boutique.
  2964 | D:3      | Found Ickesor's Weapon Shoppe.
  2972 | D:3      | 2972 ||| SHOPLISTING +0 broad axe (40 gold, have 29).
  3206 | D:3      | 3206 ||| UPGRADING to +0 helmet.
  3211 | D:3      | 3211 ||| DROPPING amulet of faith.
  3212 | D:3      | 3212 ||| UPGRADING to amulet of regeneration.
  3217 | D:3      | 3217 ||| UPGRADING to +6 ring of strength.
  3218 | D:3      | 3218 ||| READING scroll labelled CYSATR MEYLANE.
  3219 | D:3      | 3219 ||| READING scroll labelled QIOPUEH CAFOG.
  3220 | D:3      | 3220 ||| READING scroll labelled OXTUUD ERHEPT.
  3221 | D:3      | 3221 ||| DRINKING 3 cyan potions.
  3255 | D:4      | Noticed Sigmund
  3256 | D:4      | 3256 ||| Stepping ~*~*~tactically~*~*~ (stealth).
  3267 | D:4      | Killed Sigmund
  3268 | D:4      | Reached XP level 6. HP: 40/40 MP: 6/6
  3268 | D:4      | Found a snail-covered altar of Cheibriados.
  3486 | D:4      | Found a white marble altar of Elyvilon.
  3516 | D:4      | Noticed Duvessa
  3516 | D:4      | Noticed Dowan
  3517 | D:4      | 3517 ||| Stepping ~*~*~tactically~*~*~ (stealth).
  3526 | D:4      | Noticed Menkaure
  3527 | D:4      | Killed Dowan
  3531 | D:4      | HP: 5/40 [Duvessa/+0 short sword (9)]
  3532 | D:4      | 3532 ||| READING scroll of teleportation.
  3532 | D:4      | Slain by Menkaure

Levels and vault maps discovered:
D:1:      dpeg_arrival_leaves_temple_mockup, layout_basic
D:2:      layout_basic, st_stairs_12
D:3:      layout_loops_cross, serial_shops, shop, nicolae_shop_statue_plus,
          shop, shop, shop_statue, shapermc_ecumenical_altar_starsandcircs,
          chequers_big_river, supply_closet_lemuel, kennysheep_donut,
          uniq_terence
D:4:      layout_basic, mainiacjoe_overflow_cross_hatched,
          nicolae_elyvilon_temple_path, uniq_sigmund, uniq_blork_the_orc,
          uniq_duvessa, uniq_menkaure

Skill      XL: |  1  2  3  4  5 |
---------------+----------------+-----
Axes           | 2 3 4 5 |  5.4
Fighting       | 5 |  5.3
Armour         | |  3.2
Shields        | |  3.2

Action                   |  1- 3 |  4- 6 || total
-------------------------+-------+-------++-------
Melee: War axe           |    80 |   146 ||   226
Throw: Boomerang         |       |    15 ||    15
  Use: Scroll            |     6 |     5 ||    11
       Potion            |       |     4 ||     4
Armor: Scale mail        |    27 |       ||    27
       Chain mail        |    13 |    82 ||    95
Dodge: Dodged            |    21 |    46 ||    67
Block: Buckler           |    18 |    31 ||    49

Table legend:
 A = Non-vault XP
 B = Vault XP
 C = Vault XP percentage of total XP
 D = Non-vault monster count
 E = Vault monster count
 F = Vault count percentage of total count
                 A         B        C        D         E       F
            +---------+---------+-------+---------+---------+-------
      Total |     254 |     322 |  55.9 |      71 |       5 |   6.6
            +---------+---------+-------+---------+---------+-------
        D:1 |      46 |       0 |   0.0 |      22 |       0 |   0.0
        D:2 |      99 |       3 |   2.9 |      27 |       2 |   6.9
        D:3 |      69 |      36 |  34.3 |      15 |       1 |   6.2
        D:4 |      40 |     283 |  87.6 |       7 |       2 |  22.2
            +---------+---------+-------+---------+---------+-------
